General information
			
			
        
        - name: BNet
 
        - type: Ladder 1vs1/FFA
 
        - host: Battle.net
 
        - saver: such.abuse
 
        
map: MeltingValley 
        - players: 2
 
        - length: 17:50
 
        - speed: Fast
 - version: 1.22 W3XP
 - replay type:  Public
 
» download(70 KB)
Players
        team 1 (winner) 
              
              
such.abuse (
teal | 120 APM | 2145 actions | 17:50)
              
 4 Demon Hunter 
 2 Mana Burn
 2 Evasion
 4 Pandaren Brewmaster 
 2 Breath of Fire
 2 Drunken Haze
 
                » actions 
                
                | Assign group hotkey | 30 |  | 
| Build / train | 61 |  | 
| Enter build submenu | 13 |  | 
| Enter hero's abilities submenu | 8 |  | 
| Give item / drop item | 1 |  | 
| Right click | 1028 |  | 
| Select / deselect | 310 |  | 
| Select group hotkey | 620 |  | 
| Use ability | 74 |  | 
                2145 total
 » units 
                
                | Wisp | 19 |  | 
| Archer | 6 |  | 
| Dryad | 5 |  | 
| Druid of the Claw | 6 |  | 
                36 total
 » upgrades
                
                | Druid of the Claw Training | 2 |  | 
| Abolish Magic | 1 |  | 
| Mark of the Claw | 1 |  | 
| Strength of the Wild | 1 |  | 
| Hardened Skin | 1 |  | 
                6 total
 » buildings
                
                | Altar of Elders | 1 |  | 
| Moon Well | 5 |  | 
| Ancient of War | 1 |  | 
| Tree of Ages | 1 |  | 
| Hunter's Hall | 1 |  | 
| Ancient of Wonders | 1 |  | 
| Ancient of Lore | 2 |  | 
| Tree of Eternity | 1 |  | 
| Tree of Life | 1 |  | 
                14 total
 » build order
                00:08 Altar of Elders
00:18 Moon Well
00:45 Ancient of War
01:31 Moon Well
02:56 Tree of Ages
03:32 Hunter's Hall
04:27 Ancient of Wonders
04:44 Moon Well
05:38 Ancient of Lore
06:23 Ancient of Lore
07:15 Tree of Eternity
09:16 Moon Well
11:27 Tree of Life
15:14 Moon Well
» items
                
                | Staff of Preservation | 2 |  | 
| Potion of Healing | 3 |  | 
| Scroll of Town Portal | 1 |  | 
| Orb of Venom | 1 |  | 
                7 total
  
               team 2 (loser) 
              
              
HmongMan (
orange | 125 APM | 2215 actions | 17:43)
              
 3 Archmage 
 2 Summon Water Elemental
 1 Brilliance Aura
 3 Naga Sea Witch 
 2 Frost Arrows
 1 Forked Lightning
 
                » actions 
                
                | Assign group hotkey | 53 |  | 
| Basic commands | 55 |  | 
| Build / train | 76 |  | 
| Enter build submenu | 18 |  | 
| Enter hero's abilities submenu | 8 |  | 
| Give item / drop item | 3 |  | 
| Right click | 770 |  | 
| Select / deselect | 561 |  | 
| Select group hotkey | 583 |  | 
| Use ability | 88 |  | 
                2215 total
 » units 
                
                | Peasant | 12 |  | 
| Footman | 8 |  | 
| Spell Breaker | 8 |  | 
| Priest | 2 |  | 
| Forest Troll Shadow Priest | 1 |  | 
| Forest Troll Berserker | 1 |  | 
| Ogre Mauler | 1 |  | 
| Sorceress | 3 |  | 
| Mortar Team | 6 |  | 
| Rifleman | 1 |  | 
| Flying Machine | 1 |  | 
                44 total
 » upgrades
                
                | Defend | 1 |  | 
| Masonry | 1 |  | 
| Lumber Harvesting | 1 |  | 
| Priest Training | 1 |  | 
| Swords | 1 |  | 
| Plating | 2 |  | 
| Gunpowder | 2 |  | 
| Flare | 1 |  | 
                10 total
 » buildings
                
                | Altar of Kings | 1 |  | 
| Barracks | 1 |  | 
| Farm | 9 |  | 
| Lumber Mill | 1 |  | 
| Keep | 2 |  | 
| Arcane Vault | 3 |  | 
| Arcane Sanctum | 1 |  | 
| Blacksmith | 1 |  | 
| Workshop | 1 |  | 
| Guard Tower | 1 |  | 
                21 total
 » build order
                00:07 Altar of Kings
00:20 Barracks
00:34 Farm
00:54 Farm
01:36 Farm
02:32 Farm
03:02 Lumber Mill
03:26 Keep
05:33 Arcane Vault
06:01 Farm
06:16 Farm
07:11 Arcane Sanctum
07:48 Blacksmith
09:39 Farm
10:04 Workshop
11:00 Farm
11:01 Farm
12:08 Arcane Vault
12:10 Arcane Vault
15:56 Guard Tower
» items
                
                | Scroll of Regeneration | 3 |  | 
| Potion of Healing | 1 |  | 
| Ivory Tower | 3 |  | 
| Scroll of Healing | 2 |  | 
                9 total
  
                Chat log
          (00:29 / All) HmongMan: gl hf
(00:35 / All) such.abuse: u2
(17:41 / All) HmongMan: gg